[Event "*** Titled Tuesday Blitz"]
[Site "Chess.com"]
[Date "2020.05.19"]
[Round "9"]
[White "RobPeresian"]
[Black "manikoloz"]
[Result "1-0"]
[WhiteElo "2314"]
[BlackElo "2464"]
[TimeControl "180+1"]
[EndTime "13:43:25 PDT"]
[Termination "RobPeresian won by resignation"]

1. Nf3 c5 2. c4 g6 3. Nc3 Bg7 4.
d4 cxd4 5. Nxd4 Nc6 6. Nxc6 bxc6 7. g3 Nf6 8. Bg2 O-O 9. O-O Rb8 10. Qd2 Qc7 11. b3 Rd8 12. Bb2 d6 13. Rac1 Bb7 14.
Rfd1 Rbc8 15. e4 Qb8 16. h3 h5 17. f4 a6 18. Bf3 Nd7 19. g4 hxg4 20. hxg4 Nc5 21.
Kg2 Ne6 22. Ne2 c5 23. Bxg7 Kxg7 24. f5 Nf8 25. Rh1 Nd7 26. Qh6+ Kf6 27. g5+ Ke5 28. Qh4 gxf5 29. Qf4+ 1-0

[Event "*** Titled Tuesday Blitz"]
[Site "Chess.com"]
[Date "2020.05.19"]
[Round "9"]
[White "vova-79"]
[Black "hongnhung1234"]
[Result "0-1"]
[WhiteElo "2380"]
[BlackElo "2202"]
[TimeControl "180+1"]
[EndTime "13:43:25 PDT"]
[Termination "hongnhung1234 won by resignation"]

1. d4 f5 2. Nc3 Nf6 3. Bg5 d5 4. f3 Be6 5. Qd2 Qd7 6. O-O-O Nc6 7. e4 fxe4 8. fxe4 O-O-O 9. e5 Ne4 10. Nxe4 dxe4 11. Ne2 Bxa2 12. Nc3 Bd5 13. Be2 h6 14. Be3 e6 15. Bg4 Bb4 16. Rhf1 Na5 17. Qf2 Bxc3 18. bxc3 Nc4 19. Qf7 Qa4 20. Bxe6+ Kb8 0-1

[Event "*** Titled Tuesday Blitz"]
[Site "Chess.com"]
[Date "2020.05.19"]
[Round "9"]
[White "aNaartjieZA"]
[Black "ChessicallyInclined"]
[Result "1-0"]
[WhiteElo "2584"]
[BlackElo "2505"]
[TimeControl "180+1"]
[EndTime "13:43:33 PDT"]
[Termination "aNaartjieZA won by resignation"]

1. e4 c5 2. Nf3 Nc6 3. g3 g6 4.
Bg2 Bg7 5. O-O d6 6. c3 e5 7.
d3 Nge7 8. a3 O-O 9. b4 a6 10.
Nbd2 h6 11. Bb2 Be6 12. Re1 b5 13. Rb1 a5 14. bxa5 Nxa5 15. d4 cxd4 16. cxd4 Nc4 17. d5 Nxb2 18. Rxb2 Bd7 19. Qb3 Qa5 20. Ra1 Rfc8 21. Qb4 Rc3 22. Qxd6 Rxa3 23. Rxa3 Qxa3 24. Qxa3 Rxa3 25. Bf1 f5 26. Bxb5 Bxb5 27. Rxb5 fxe4 28.
Nh4 Bf6 29. Nxe4 Bxh4 30. gxh4 Rd3 31. d6 Nf5 32. Rb8+ Kf7 33. Rb7+ Ke6 34. Nc5+ 1-0

[Event "*** Titled Tuesday Blitz"]
[Site "Chess.com"]
[Date "2020.05.19"]
[Round "9"]
[White "canary2016"]
[Black "calin_dragomirescu"]
[Result "1-0"]
[WhiteElo "1977"]
[BlackElo "2189"]
[TimeControl "180+1"]
[EndTime "13:43:36 PDT"]
[Termination "canary2016 won by resignation"]

1. Nf3 g6 2. g3 Bg7 3. Bg2 Nf6 4. O-O O-O 5. d4 d6 6. c4 Nbd7 7. Nc3 c6 8. e4 e5 9. Be3 Ng4 10. Bg5 f6 11. Bc1 exd4 12. Nxd4 Nge5 13. Ne6 Qe7 14. Nxf8 Nxf8 15. b3 f5 16. exf5 Bxf5 17. Bb2 Nd3 18. Qd2 Nxb2 19. Qxb2 Qf6 20. Rac1 Ne6 21. Qd2 Nd4 22. Ne2 Nxe2+ 23. Qxe2 h5 24. Rfe1 Rf8 25. Qe7 Bh6 26. Qxf6 Rxf6 27. Re8+ Kf7 28. Rce1 Bf8 29. Rb8 d5 30. cxd5 Bb4 1-0

[Event "*** Titled Tuesday Blitz"]
[Site "Chess.com"]
[Date "2020.05.19"]
[Round "9"]
[White "atwalcb"]
[Black "turayev_shahruh17"]
[Result "1-0"]
[WhiteElo "2367"]
[BlackElo "2502"]
[TimeControl "180+1"]
[EndTime "13:43:38 PDT"]
[Termination "atwalcb won by resignation"]

1. d4 g6 2. e4 Bg7 3. Nc3 c6 4. Nf3 d5 5. Be3 dxe4 6. Nxe4 Nf6 7. Nxf6+ Bxf6 8. Bc4 Nd7 9. O-O Nb6 10. Bb3 Bg4 11. c3 O-O 12. h3 Bxf3 13. Qxf3 Bg7 14. Bf4 Nd5 15. Bxd5 Qxd5 16. Qxd5 cxd5 17. Rfe1 e6 18. a4 Rfc8 19. a5 a6 20. Ra4 Bf8 21. Kf1 Rc6 22. Ke2 Rac8 23. Kd3 Rc4 24. Rea1 Be7 25. Bd2 Kg7 26. b3 Rxa4 27. Rxa4 Bd8 28. c4 dxc4+ 29.
Rxc4 Bf6 30. Rxc8 1-0

[Event "*** Titled Tuesday Blitz"]
[Site "Chess.com"]
[Date "2020.05.19"]
[Round "9"]
[White "Herracek"]
[Black "AsaHoffmann"]
[Result "1-0"]
[WhiteElo "2547"]
[BlackElo "2409"]
[TimeControl "180+1"]
[EndTime "13:43:41 PDT"]
[Termination "Herracek won by resignation"]

1. c4 Nf6 2. Nc3 d6 3. g3 e5 4. Bg2 c6 5. b4 Be6 6. b5 Bxc4 7.
bxc6 bxc6 8. Nf3 Be6 9. Ng5 Bd7 10. Qb3 d5 11. Qb7 h6 12. Nxf7 Kxf7 13. Qxa8 Qc7 14. Rb1 Bd6 15. Rb7 Na6 16. Qxa7 Qa5 17. Rxd7+ Nxd7 18. Qxd7+ Be7 19. Nxd5 cxd5 20. Bxd5+ Kf8 21. Qe6 Ke8 22.
Bc6+ Kf8 23. Qf5+ Bf6 24. Qc8+ Ke7 25. Qd7+ 1-0

[Event "*** Titled Tuesday Blitz"]
[Site "Chess.com"]
[Date "2020.05.19"]
[Round "9"]
[White "OhanyanEminChess"]
[Black "Playgood28"]
[Result "0-1"]
[WhiteElo "2407"]
[BlackElo "2292"]
[TimeControl "180+1"]
[EndTime "13:43:49 PDT"]
[Termination "Playgood28 won by resignation"]

1. e4 e5 2. Nf3 d6 3. d4 exd4 4. Nxd4 Nf6 5. Nc3 Be7 6. f3 O-O 7. Be3 a6 8. Qd2 b5 9. O-O-O c5 10. Nde2 b4 11. Nd5 Nxd5 12. Qxd5 Ra7 13. Bf4 a5 14. Bxd6 Bxd6 15. Qxd6 Rd7 16. Qxd7 Bxd7 17. Ng3 Qg5+ 18. Kb1 Bc6 19. Bc4 Nd7 20. Rd6 Ne5 21. Be2 Rd8 22. Rhd1 Rxd6 23. Rxd6 h5 24. b3 h4 25. Nf5 Qxg2 26.
Bd1 Qxh2 27. Ne7+ Kh7 28. Nxc6 Nxc6 29. Rxc6 Qd2 30. Rxc5 Qxd1+ 31. Kb2 Qd4+ 32. Rc3 Qxc3+ 0-1

[Event "*** Titled Tuesday Blitz"]
[Site "Chess.com"]
[Date "2020.05.19"]
[Round "9"]
[White "Kildepiotr"]
[Black "vanyakuba"]
[Result "1-0"]
[WhiteElo "2577"]
[BlackElo "2441"]
[TimeControl "180+1"]
[EndTime "13:43:50 PDT"]
[Termination "Kildepiotr won by resignation"]

1. Nf3 d5 2. g3 c5 3. Bg2 Nc6 4. O-O Nf6 5. d3 Bg4 6. Nbd2 Qd7 7.
e4 Bh3 8. Qe2 Bxg2 9. Kxg2 e6 10. c3 O-O-O 11. e5 Ng8 12. a3 h5 13. h3 Nh6 14. b4 Nf5 15. Nb3 d4 16. c4 cxb4 17. axb4 Bxb4 18. Bg5 Be7 19. Bxe7 Qxe7 20. Ra4 g5 21.
Nfd2 g4 22. h4 Rhg8 23. Na5 Nxa5 24. Rxa5 a6 25. Ne4 Qc7 26. Rc5 1-0

[Event "*** Titled Tuesday Blitz"]
[Site "Chess.com"]
[Date "2020.05.19"]
[Round "9"]
[White "Majesth"]
[Black "Natalya_Buksa"]
[Result "0-1"]
[WhiteElo "2457"]
[BlackElo "2582"]
[TimeControl "180+1"]
[EndTime "13:43:54 PDT"]
[Termination "Natalya_Buksa won by resignation"]

1. d4 d5 2. Bg5 Nf6 3. e3 Ne4 4. Bf4 e6 5. Bd3 Nf6 6. Nf3 c5 7. O-O Nc6 8. c3 Bd6 9. Ne5 Qc7 10.
Nxc6 bxc6 11. Bxd6 Qxd6 12. f4 cxd4 13. exd4 O-O 14.
Nd2 c5 15. dxc5 Qxc5+ 16. Kh1 Rb8 17. Nb3 Qe7 18. Qe2 Bb7 19. Nd4 Ne4 20. Bxe4 dxe4 21.
c4 Rfd8 22. Rad1 h6 23. a3 a5 24. Qc2 Qc5 25. Nb3 Qh5 26. Rxd8+ Rxd8 27. c5 e3 28. Nc1 Rd2 0-1

[Event "*** Titled Tuesday Blitz"]
[Site "Chess.com"]
[Date "2020.05.19"]
[Round "9"]
[White "DanielTitichoca"]
[Black "GoValya"]
[Result "0-1"]
[WhiteElo "2307"]
[BlackElo "2205"]
[TimeControl "180+1"]
[EndTime "13:43:57 PDT"]
[Termination "GoValya won by resignation"]

1. Nf3 Nf6 2. g3 g6 3. Bg2 Bg7 4. O-O O-O 5. c4 d5 6. cxd5 Nxd5 7.
Nc3 Nxc3 8. bxc3 c5 9. Ba3 Qa5 10. Bc1 Nc6 11. a4 Rd8 12. Qb3 Be6 13. Qxb7 Bd5 14. Qb1 Rab8 15. Bb2 Bxf3 16. Bxf3 Rxd2 17. Bxc6 Rbxb2 18. Qc1 Rxe2 19. Qf4 Bxc3 20. Rac1 Qb4 21. Qf3 Bd4 22. Be8 Rxf2 23. Bxf7+ Kg7 24. Rxf2 Rxf2 25.
Qd5 0-1

[Event "*** Titled Tuesday Blitz"]
[Site "Chess.com"]
[Date "2020.05.19"]
[Round "9"]
[White "WildBizon"]
[Black "ketster"]
[Result "1-0"]
[WhiteElo "2643"]
[BlackElo "2394"]
[TimeControl "180+1"]
[EndTime "13:44:08 PDT"]
[Termination "WildBizon won by resignation"]

1. e4 e5 2. Nf3 Nc6 3. Bb5 a6 4. Ba4 Nf6 5. O-O Be7 6. d3 d6 7.
c3 O-O 8. Nbd2 Nd7 9. Re1 Nc5 10. Bc2 f5 11. exf5 Bxf5 12. d4 Bxc2 13. Qxc2 exd4 14.
cxd4 Nd7 15. Qb3+ Kh8 16. Qxb7 Na5 17. Qe4 Bf6 18. b4 d5 19. Qxd5 c6 20. Qe4 Nb7 21. Qxc6 Rb8 22. Ne4 Nb6 23. Bf4 Bxd4 24. Nxd4 Qxd4 25.
Bxb8 Rxb8 26. Rad1 Qxb4 27. Ng5 Na5 28. Re8+ Rxe8 29.
Qxe8+ 1-0

[Event "*** Titled Tuesday Blitz"]
[Site "Chess.com"]
[Date "2020.05.19"]
[Round "9"]
[White "Alopekos"]
[Black "kuban1991"]
[Result "0-1"]
[WhiteElo "2500"]
[BlackElo "2758"]
[TimeControl "180+1"]
[EndTime "13:44:11 PDT"]
[Termination "kuban1991 won by resignation"]

1. e4 e6 2. d4 d5 3. Nc3 Bb4 4. e5 c5 5. a3 Bxc3+ 6. bxc3 Nc6 7. Qg4 g6 8. Nf3 Bd7 9. Qf4 h6 10. h4 Qa5 11. Bd2 c4 12. Be2 Rh7 13. g4 O-O-O 14. Kf1 Rf8 15. g5 h5 16. Kg2 Nge7 17. Nh2 Qa4 18.
Ra2 Nf5 19. Nf1 Kb8 20. Ne3 Nce7 21. Nxf5 Nxf5 22. Bf1 Rc8 23. Kg1 Qb5 24. Ra1 Qb2 25.
Rc1 0-1

[Event "*** Titled Tuesday Blitz"]
[Site "Chess.com"]
[Date "2020.05.19"]
[Round "9"]
[White "ehrenfeld"]
[Black "AleksanderHnydiuk"]
[Result "0-1"]
[WhiteElo "2442"]
[BlackElo "2578"]
[TimeControl "180+1"]
[EndTime "13:44:12 PDT"]
[Termination "AleksanderHnydiuk won by resignation"]

1. e4 c5 2. d3 g6 3. f4 Bg7 4. Nf3 Nf6 5. Be2 O-O 6. O-O Nc6 7.
c3 d6 8. Qe1 Bg4 9. Nbd2 b5 10.
Qh4 b4 11. e5 dxe5 12. h3 Bxf3 13. Bxf3 bxc3 14. bxc3 Nd5 15. fxe5 Nxe5 16. Ne4 Nxc3 17. Bg5 Nxf3+ 18. gxf3 Nxe4 19. dxe4 Bxa1 0-1

[Event "*** Titled Tuesday Blitz"]
[Site "Chess.com"]
[Date "2020.05.19"]
[Round "9"]
[White "adricalderon8"]
[Black "andriipalchuk"]
[Result "1-0"]
[WhiteElo "2439"]
[BlackElo "2042"]
[TimeControl "180+1"]
[EndTime "13:44:17 PDT"]
[Termination "adricalderon8 won by resignation"]

1. e4 c6 2. Nc3 d5 3. Nf3 dxe4 4. Nxe4 Nf6 5. Qe2 Nxe4 6. Qxe4 Qd5 7. Qh4 Qe6+ 8. Be2 Qg4 9. O-O Qxh4 10. Nxh4 g6 11.
d4 Bg7 12. c3 O-O 13. Bg5 Nd7 14. Bf3 Nf6 15. g3 h6 16. Bd2 Be6 17. Rfe1 Rfe8 18.
Nxg6 Bxa2 19. Nxe7+ Kf8 20. Rxa2 Rxe7 21. Rxe7 Kxe7 22. Bf4 Kd7 23. Be5 Ne8 24. Bg4+ Ke7 25. Bf4 Nf6 26. Bf3 Kd7 27. h4 a6 28. Ra5 Re8 29. Kf1 Re7 30. Rf5 Ne8 31. Rh5 Nf6 32.
Rf5 Ne8 33. d5 c5 34. d6 Nxd6 35. Rd5 Re6 36. Bg4 1-0

[Event "*** Titled Tuesday Blitz"]
[Site "Chess.com"]
[Date "2020.05.19"]
[Round "9"]
[White "joksijoksi"]
[Black "Keks2017"]
[Result "0-1"]
[WhiteElo "2340"]
[BlackElo "2522"]
[TimeControl "180+1"]
[EndTime "13:44:24 PDT"]
[Termination "Keks2017 won by resignation"]

1. d4 d6 2. c4 e5 3. e3 Nd7 4. Nf3 Ngf6 5. Nc3 g6 6. Be2 Bg7 7. O-O O-O 8. b4 Re8 9. a4 e4 10. Ne1 Nf8 11. Nc2 h5 12. a5 a6 13. b5 h4 14. Nb4 h3 15. g3 N8h7 16. Bb2 Ng5 17. bxa6 bxa6 18. Nc6 Qd7 19. d5 Ng4 20. Na4 Bxb2 21.
Nxb2 Ne5 22. Nxe5 Rxe5 23. Qd4 Qe7 24. Na4 Qf6 25. c5 Nf3+ 26. Kh1 Nxd4 27. exd4 Rxd5 28. Bc4 Qf3+ 0-1

[Event "*** Titled Tuesday Blitz"]
[Site "Chess.com"]
[Date "2020.05.19"]
[Round "9"]
[White "Spartakus1975"]
[Black "lolo9292"]
[Result "1-0"]
[WhiteElo "2697"]
[BlackElo "2532"]
[TimeControl "180+1"]
[EndTime "13:44:25 PDT"]
[Termination "Spartakus1975 won by resignation"]

1. e4 c5 2. c3 g6 3. Nf3 Bg7 4. d4 cxd4 5. cxd4 d5 6. e5 a6 7. Nc3 Nc6 8. Qb3 Nh6 9. Qxd5 Be6 10. Qxd8+ Rxd8 11. Be3 Nf5 12. Rd1 Nb4 13. Bd3 Nxd3+ 14.
Rxd3 Bc4 15. Rd2 O-O 16. g4 Nxe3 17. fxe3 f6 18. exf6 exf6 19. Kf2 Rfe8 20. h4 Bh6 21. g5 fxg5 22. hxg5 Bg7 23. e4 Rf8 24. Ke3 b5 25. b3 Be6 26. Rf1 Bh3 27. Rff2 Rfe8 28. e5 Bg4 29. Ne4 Bf5 30. Nf6+ Bxf6 31. gxf6 h6 32.
Nh4 Bb1 33. f7+ Kg7 34. fxe8=Q Rxe8 35. Rf1 Bf5 36. Nxf5+ gxf5 37. Rxf5 Rc8 38. Rg2+ Kh7 39.
Rf7+ Kh8 40. Ke4 Rc4 41. bxc4 bxc4 1-0

[Event "*** Titled Tuesday Blitz"]
[Site "Chess.com"]
[Date "2020.05.19"]
[Round "9"]
[White "pedro_nascimento85"]
[Black "Ashedu66"]
[Result "0-1"]
[WhiteElo "1736"]
[BlackElo "2129"]
[TimeControl "180+1"]
[EndTime "13:44:30 PDT"]
[Termination "Ashedu66 won by resignation"]

1. d4 d6 2. Nf3 Bg4 3. e3 Nf6 4. Be2 Nbd7 5. h3 Bh5 6. O-O e5 7. Ne1 Bxe2 8. Qxe2 Be7 9. c4 c6 10. Nc3 O-O 11. Nf3 Re8 12. dxe5 dxe5 13. Rd1 Qc7 14. Qc2 Bf8 15. b3 Rad8 16. Bb2 h6 17. Ne2 e4 18.
Nfd4 Ne5 19. Nf5 g6 20. Nfg3 Bg7 21. Rd7 Qxd7 0-1

[Event "*** Titled Tuesday Blitz"]
[Site "Chess.com"]
[Date "2020.05.19"]
[Round "9"]
[White "Firouzja2003"]
[Black "Radzio1987"]
[Result "1-0"]
[WhiteElo "3170"]
[BlackElo "2923"]
[TimeControl "180+1"]
[EndTime "13:44:32 PDT"]
[Termination "Firouzja2003 won by resignation"]

1. e4 c6 2. d4 d5 3. e5 Bf5 4. Nf3 e6 5. Be2 Nd7 6. O-O Ne7 7. c3 h6 8. Nbd2 a5 9. Re1 Nc8 10. Nf1 Be7 11. Ng3 Bg6 12. a4 c5 13. Bd3 Bxd3 14.
Qxd3 h5 15. Ne2 Na7 16. Nf4 cxd4 17. Nxe6 fxe6 18. Qg6+ Kf8 19. Nxd4 Nc5 20. b4 Qe8 21. Qxe8+ Rxe8 22. bxc5 Bxc5 23. Rb1 Re7 24. Nb3 Bb6 25. Ba3 Nc8 26. Nd4 Ke8 27. Bxe7 Kxe7 28. Rb5 1-0

[Event "*** Titled Tuesday Blitz"]
[Site "Chess.com"]
[Date "2020.05.19"]
[Round "9"]
[White "WhiteCapital80"]
[Black "grandcoach"]
[Result "1-0"]
[WhiteElo "2445"]
[BlackElo "2102"]
[TimeControl "180+1"]
[EndTime "13:44:32 PDT"]
[Termination "WhiteCapital80 won by resignation"]

1. e4 c5 2. Nf3 Nc6 3. d4 cxd4 4. Nxd4 e5 5. Nb5 d6 6. Bc4 a6 7. N5c3 b5 8. Bxf7+ Kxf7 9. Qd5+ Be6 10. Qxc6 Nf6 11. Bg5 Be7 12. Bxf6 gxf6 13. O-O Rg8 14. Kh1 Qf8 15. Nd5 Qg7 16. Rg1 Qg6 17. Nbc3 Rgc8 18. Qb7 1-0

[Event "*** Titled Tuesday Blitz"]
[Site "Chess.com"]
[Date "2020.05.19"]
[Round "9"]
[White "YellowJacek"]
[Black "Gvetadze"]
[Result "0-1"]
[WhiteElo "2287"]
[BlackElo "2404"]
[TimeControl "180+1"]
[EndTime "13:44:34 PDT"]
[Termination "Gvetadze won by resignation"]

1. e4 Nf6 2. e5 Nd5 3. d4 d6 4.
Nf3 dxe5 5. Nxe5 c6 6. a3 Bf5 7.
c4 Nb6 8. Nc3 e6 9. Be3 N8d7 10.
Nxd7 Qxd7 11. Be2 Be7 12. O-O Bf6 13. b4 O-O 14. Qd2 Rad8 15. Rfd1 e5 16. dxe5 Qxd2 17. Rxd2 Bxe5 18. Rc1 Rxd2 19. Bxd2 Rd8 20. Be3 Be6 21. c5 Nc4 22. Bxc4 Bxc4 23. f4 Rd3 24. Rd1 Bxc3 0-1

[Event "*** Titled Tuesday Blitz"]
[Site "Chess.com"]
[Date "2020.05.19"]
[Round "9"]
[White "Bulldog167"]
[Black "ramses135"]
[Result "0-1"]
[WhiteElo "2750"]
[BlackElo "2517"]
[TimeControl "180+1"]
[EndTime "13:44:35 PDT"]
[Termination "ramses135 won by resignation"]

1. e4 e5 2. Nf3 Nc6 3. Bb5 Nge7 4. c3 a6 5. Ba4 g6 6. d4 exd4 7. cxd4 b5 8. Bb3 Bg7 9. d5 Na5 10. Nc3 d6 11. h3 O-O 12. O-O Nxb3 13. axb3 b4 14. Ne2 f5 15. exf5 Rxf5 16. Ng3 Rxd5 17. Qc2 c5 18. Bg5 Qd7 19. Rfe1 Nf5 20. Nxf5 Rxf5 21.
Re7 Qc6 22. Rb1 Bb7 23. Qc4+ Kh8 24. Qh4 Rxf3 25. Bh6 Rf7 0-1

[Event "*** Titled Tuesday Blitz"]
[Site "Chess.com"]
[Date "2020.05.19"]
[Round "9"]
[White "Nathan_Filgueiras"]
[Black "Shivagami"]
[Result "1-0"]
[WhiteElo "2317"]
[BlackElo "2171"]
[TimeControl "180+1"]
[EndTime "13:44:36 PDT"]
[Termination "Nathan_Filgueiras won by resignation"]

1. e4 c5 2. Nf3 d6 3. d4 cxd4 4. Nxd4 Nf6 5. Nc3 a6 6. h3 e5 7.
Nde2 h5 8. Bg5 Nbd7 9. Qd2 Be7 10. O-O-O O-O 11. h4 b5 12. f3 Bb7 13. Ng3 g6 14.
Bd3 Rc8 15. Kb1 Nb6 16. Nce2 d5 17. exd5 Nbxd5 18. Ne4 Nb4 19. Nxf6+ Kh8 20. Ne4 Bd5 21. Qxb4 1-0

[Event "*** Titled Tuesday Blitz"]
[Site "Chess.com"]
[Date "2020.05.19"]
[Round "9"]
[White "Gloomy_Wanderer"]
[Black "Paralinch"]
[Result "0-1"]
[WhiteElo "2765"]
[BlackElo "2877"]
[TimeControl "180+1"]
[EndTime "13:44:37 PDT"]
[Termination "Paralinch won by resignation"]

1. d4 d5 2. c4 dxc4 3. Qa4+ c6 4. Qxc4 Nf6 5. Nf3 Bg4 6. Nc3 Nbd7 7. e4 Bxf3 8. gxf3 e5 9. Be3 exd4 10. Bxd4 Qc7 11. O-O-O Bd6 12. Be3 Bf4 13. Ne2 Bxe3+ 14. fxe3 Ne5 15.
Qc5 Nxf3 16. Nd4 Nxd4 17. exd4 Nxe4 18. Qf5 Nd6 19. Re1+ Kf8 20. Qc5 b6 21. Qa3 c5 22.
Bg2 Re8 23. Kb1 Rxe1+ 24. Rxe1 g6 25. dxc5 Qxc5 26. Qxa7 Kg7 27. Qd7 Rc8 28. a4 Qc2+ 29.
Ka1 Rc4 0-1

[Event "*** Titled Tuesday Blitz"]
[Site "Chess.com"]
[Date "2020.05.19"]
[Round "9"]
[White "gross-aleks"]
[Black "MirMan90"]
[Result "1-0"]
[WhiteElo "2610"]
[BlackElo "2749"]
[TimeControl "180+1"]
[EndTime "13:44:40 PDT"]
[Termination "gross-aleks won by resignation"]

1. c4 e5 2. g3 g6 3. Bg2 Bg7 4. Nc3 Nc6 5. Rb1 a5 6. d3 d6 7. Bd2 Nf6 8. e3 O-O 9. Nge2 Be6 10. Nd5 Qd7 11. O-O Bh3 12. Nxf6+ Bxf6 13. Nc3 Bxg2 14. Kxg2 Bg7 15. Nd5 Ne7 16. Qb3 b6 17. e4 f5 18.
c5 Nxd5 19. Qxd5+ Kh8 20. cxb6 c6 21. Qc4 d5 22. Qc5 dxe4 23. Bxa5 f4 24. dxe4 f3+ 25. Kh1 g5 26. Bc3 Qh3 27. Rg1 Rf6 28. g4 Re8 29. Rg3 Qh4 30. h3 h5 31. Bxe5 hxg4 32. Bxf6 Bxf6 33.
Qxc6 Rf8 34. Qd6 Kg7 35. e5 Bd8 36. b7 1-0

[Event "*** Titled Tuesday Blitz"]
[Site "Chess.com"]
[Date "2020.05.19"]
[Round "9"]
[White "CMS13"]
[Black "sergeikim"]
[Result "0-1"]
[WhiteElo "2194"]
[BlackElo "2371"]
[TimeControl "180+1"]
[EndTime "13:44:40 PDT"]
[Termination "sergeikim won by resignation"]

1. e4 e5 2. Bc4 Nc6 3. Nc3 Nf6 4. d3 Bc5 5. f4 d6 6. Nf3 Bg4 7. Na4 Bb6 8. Nxb6 axb6 9. O-O Nd4 10. fxe5 Bxf3 11. gxf3 dxe5 12. c3 b5 13. Bb3 Nxb3 14.
Qxb3 c6 15. Qd1 Nd7 16. f4 O-O 17. Kh1 Nc5 18. f5 Qxd3 19. Qxd3 Nxd3 20. b3 f6 21. Be3 Rfd8 22. Rfd1 Rd7 23. Kg2 Rad8 24. Rf1 c5 25. c4 b4 26. Kf3 b6 27. Ke2 Nf4+ 28.
Bxf4 exf4 29. Rfd1 f3+ 30. Ke1 f2+ 0-1

[Event "*** Titled Tuesday Blitz"]
[Site "Chess.com"]
[Date "2020.05.19"]
[Round "9"]
[White "Patolindo"]
[Black "lelya96"]
[Result "0-1"]
[WhiteElo "2105"]
[BlackElo "2248"]
[TimeControl "180+1"]
[EndTime "13:44:42 PDT"]
[Termination "lelya96 won by resignation"]

1. d4 Nf6 2. c4 e6 3. Nf3 Bb4+ 4. Nbd2 Nc6 5. a3 Bxd2+ 6. Qxd2 a5 7. b3 d6 8. Bb2 O-O 9. g3 Qe7 10. Bg2 e5 11. O-O Bg4 12. d5 Nb8 13. h3 Bd7 14. Rae1 Na6 15. Qxa5 b6 16. Qd2 Nc5 17. Qc2 g6 18. g4 h5 19. g5 Ne8 20. h4 Bg4 21.
Nh2 Bd7 22. b4 Nb7 23. b5 Nc5 24. f4 e4 25. Bd4 Bf5 26. Qc3 f6 27. Rf2 Kh7 28. Nf1 Na4 29. Qa1 Nc5 30. Ng3 Nb3 31.
Qc3 Nxd4 32. Qxd4 Rxa3 33. Bxe4 Rxg3+ 0-1

[Event "*** Titled Tuesday Blitz"]
[Site "Chess.com"]
[Date "2020.05.19"]
[Round "9"]
[White "Meri-Arabidze"]
[Black "TigranMukhutdinov"]
[Result "1-0"]
[WhiteElo "2606"]
[BlackElo "2471"]
[TimeControl "180+1"]
[EndTime "13:44:43 PDT"]
[Termination "Meri-Arabidze won by resignation"]

1. Nf3 Nf6 2. e3 g6 3. b3 Bg7 4. Bb2 O-O 5. c4 b6 6. Be2 Bb7 7. O-O c5 8. d4 Ne4 9. Nbd2 d6 10. Rc1 Nd7 11. Qc2 f5 12. d5 Nxd2 13. Qxd2 Nf6 14. Ng5 Bc8 15. Bf3 h6 16. Ne6 Bxe6 17.
dxe6 Rc8 18. Rfd1 Qe8 19. h3 g5 20. a3 Qg6 21. Bd5 h5 22. f4 g4 23. hxg4 hxg4 24. Bxf6 Rxf6 25. g3 Qe8 26. Kg2 Rh6 27.
Rh1 Rxh1 28. Rxh1 Qg6 29. Qc2 Rf8 30. e4 Bd4 31. exf5 Qxf5 32. Be4 Qxe6 33. Bd5 1-0

[Event "*** Titled Tuesday Blitz"]
[Site "Chess.com"]
[Date "2020.05.19"]
[Round "9"]
[White "antoszu"]
[Black "StephenDedalus83"]
[Result "0-1"]
[WhiteElo "2540"]
[BlackElo "2751"]
[TimeControl "180+1"]
[EndTime "13:44:47 PDT"]
[Termination "StephenDedalus83 won by resignation"]

1. d4 g6 2. c4 Bg7 3. e4 d6 4.
Nc3 Nc6 5. Nge2 e5 6. Be3 exd4 7.
Nxd4 Nge7 8. Be2 O-O 9. Nxc6 bxc6 10. O-O Rb8 11. Qd2 c5 12. Rab1 f5 13. Bh6 Bxh6 14. Qxh6 f4 15. Nd5 Nxd5 16. cxd5 Qf6 17. b3 Rb4 18. Bf3 Bd7 19. Rfe1 Qe5 20. Qh4 a5 21. Rbc1 h5 22. Bd1 Kg7 23. g3 f3 24. Re3 Bg4 0-1

[Event "*** Titled Tuesday Blitz"]
[Site "Chess.com"]
[Date "2020.05.19"]
[Round "9"]
[White "Quattroporte300"]
[Black "Luibov_AN"]
[Result "1-0"]
[WhiteElo "2321"]
[BlackElo "2091"]
[TimeControl "180+1"]
[EndTime "13:44:50 PDT"]
[Termination "Quattroporte300 won by checkmate"]

1. e4 g6 2. d4 Bg7 3. Nc3 c5 4. d5 e5 5. Nf3 d6 6. Bg5 f6 7.
Be3 h6 8. Qd2 f5 9. exf5 gxf5 10. g3 a6 11. a4 Nf6 12. Bh3 Qa5 13. Nh4 e4 14. O-O Nbd7 15. Nxf5 O-O 16. Nxg7 Kxg7 17. Bxh6+ Kf7 18. Qg5 Ne5 19. Qg7+ Ke8 20. Qxf8# 1-0

[Event "*** Titled Tuesday Blitz"]
[Site "Chess.com"]
[Date "2020.05.19"]
[Round "9"]
[White "DivyaDeshmukh23"]
[Black "rekosheten"]
[Result "0-1"]
[WhiteElo "2443"]
[BlackElo "2362"]
[TimeControl "180+1"]
[EndTime "13:44:51 PDT"]
[Termination "rekosheten won by resignation"]

1. e4 c6 2. d4 d5 3. exd5 cxd5 4. Bd3 Nc6 5. c3 Nf6 6. h3 e5 7. dxe5 Nxe5 8. Nf3 Nxd3+ 9. Qxd3 Bc5 10. O-O O-O 11. Bg5 h6 12. Bxf6 Qxf6 13. Qxd5 Bb6 14. Nbd2 Rd8 15.
Qb3 Be6 16. Qa4 Rd3 17. Rad1 Rad8 18. Ne4 Qf4 19. Rxd3 Rxd3 20. Re1 Bxh3 21. Qe8+ Kh7 22. Qe5 Rxf3 23. Ng5+ Qxg5 24. Qxg5 Bxf2+ 0-1

[Event "*** Titled Tuesday Blitz"]
[Site "Chess.com"]
[Date "2020.05.19"]
[Round "9"]
[White "SameerMujumdar"]
[Black "pichonazo"]
[Result "1-0"]
[WhiteElo "2304"]
[BlackElo "2500"]
[TimeControl "180+1"]
[EndTime "13:44:56 PDT"]
[Termination "SameerMujumdar won by resignation"]

1. d4 Nf6 2. c4 g6 3. Nc3 d5 4.
cxd5 Nxd5 5. Nf3 Bg7 6. Bd2 O-O 7.
e4 Nxc3 8. Bxc3 c5 9. d5 e6 10. Qd2 Bxc3 11. bxc3 exd5 12. exd5 Bf5 13. Be2 Nd7 14.
O-O Qf6 15. c4 Rfe8 16. Rfe1 b6 17. Bf1 Kg7 18. a4 Rab8 19. a5 Rxe1 20. Rxe1 b5 21. cxb5 h6 22. Bc4 Qd6 23. Qc3+ Nf6 24. h3 Kg8 25.
Qe5 Rd8 26. Qxd6 Rxd6 27. Re7 Bd7 28. Ne5 Be8 29. Rxa7 Nxd5 30. b6 Nxb6 31. axb6 Rxb6 32. Ra8 1-0

[Event "*** Titled Tuesday Blitz"]
[Site "Chess.com"]
[Date "2020.05.19"]
[Round "9"]
[White "bakki78"]
[Black "Hasangatin_Ramil"]
[Result "1-0"]
[WhiteElo "2761"]
[BlackElo "2593"]
[TimeControl "180+1"]
[EndTime "13:44:57 PDT"]
[Termination "bakki78 won by resignation"]

1. e4 d5 2. exd5 Qxd5 3. Nc3 Qd6 4. d4 Nf6 5. Nf3 c6 6. g3 Bg4 7. Bg2 e6 8. h3 Bxf3 9. Bxf3 Qc7 10. O-O Nbd7 11.
Ne2 Bd6 12. c3 O-O 13. Qc2 Rad8 14. Rd1 Rfe8 15. Bg2 e5 16. a4 a5 17. Be3 exd4 18.
Bxd4 Bc5 19. Re1 Qb6 20. Bxc5 Nxc5 21. Nd4 g6 22. Rab1 Qa6 23. Bf1 Qb6 24. Bc4 Kg7 25.
Kg2 Nfe4 26. h4 Nf6 27. b3 h5 28. Rbd1 Rxe1 29. Rxe1 Re8 30. Rxe8 Nxe8 31. Qe2 Nc7 32.
Qe5+ Kg8 33. Qf6 Nd5 34. Bxd5 1-0

[Event "*** Titled Tuesday Blitz"]
[Site "Chess.com"]
[Date "2020.05.19"]
[Round "9"]
[White "jucAxx"]
[Black "Novoselski"]
[Result "0-1"]
[WhiteElo "2103"]
[BlackElo "2324"]
[TimeControl "180+1"]
[EndTime "13:44:58 PDT"]
[Termination "Novoselski won by resignation"]

1. e4 c5 2. c3 g6 3. d4 cxd4 4. cxd4 d5 5. exd5 Nf6 6. Nc3 Bg7 7. Nf3 O-O 8. Bc4 Na6 9. O-O Nc7 10. d6 Qxd6 11.
Qb3 b6 12. Re1 Ba6 13. Bg5 Bxc4 14. Qxc4 Rac8 15. Bxf6 exf6 16. Rad1 a6 17. Re2 b5 18. Qb3 f5 19. d5 Rfe8 20. Red2 Na8 21. h3 Nb6 22. Qa3 0-1